 Dungeon Crawl Stone Soup version 0.24-a0-201-gf205589 (webtiles) character file.

Game seed: 13622187437680060678

16 Ijustatesigmund the Magician (level 2, 0/18 HPs)
             Began as an Octopode Wizard on Mar 21, 2019.
             Slain by a centaur (3 damage)
             ... on level 2 of the Dungeon.
             The game lasted 00:02:07 (1051 turns).

Ijustatesigmund the Magician (Octopode Wizard)      Turns: 1051, Time: 00:02:08

Health: 0/18       AC:  1    Str:  6    XL:     2   Next: 58%
Magic:  5/6        EV: 13    Int: 20    God:
Gold:   19         SH:  0    Dex: 10    Spells: 4/7 levels left

rFire    . . .     SeeInvis .   b - +0 hand axe
rCold    . . .     Gourm    .   (no shield)
rNeg     . . .     Faith    .   a - +0 hat
rPois    .         Spirit   .   (no amulet)
rElec    .         Reflect  .   (no ring)
rCorr    .         Harm     .   (no ring)
MR       .....                  (no ring)
Stlth    +++.......             (no ring)
HPRegen  0.06/turn              (no ring)
MPRegen  0.10/turn              (no ring)
                                (no ring)
                                (no ring)

@: no status effects
A: almost no armour, stealthy swim, amphibious, 8 rings, constrict 8, camouflage
1, gelatinous body 1
a: no special abilities


You were on level 2 of the Dungeon.
You were not hungry.

You visited 1 branch of the dungeon, and saw 2 of its levels.

You collected 19 gold pieces.

Inventory:

Hand Weapons
 b - a +0 hand axe (weapon)
Missiles
 g - 8 javelins (quivered)
Armour
 a - a +0 hat (worn)
Scrolls
 d - a scroll of random uselessness {unknown}
Comestibles
 c - 2 rations


   Skills:
 + Level 1.2 Fighting
 - Level 2.0 Dodging
 - Level 2.6 Stealth
 - Level 3.0 Spellcasting
 + Level 1.8 Conjurations
   Level 1.0 Summonings
 + Level 1.2 Translocations


You had 4 spell levels left.
You knew the following spells:

 Your Spells              Type           Power        Failure   Level  Hunger
a - Magic Dart            Conj           ##..         7%          1    None
b - Blink                 Tloc           N/A          13%         2    ##.....

Your spell library contained the following spells:

 Spells                   Type           Power        Failure   Level  Hunger
 Call Imp                 Summ           #.......     14%         2    ##.....
 Slow                     Hex            #.......     22%         2    ##.....
 Conjure Flame            Conj/Fire      #.......     30%         3    ###....
 Mephitic Cloud           Conj/Pois/Air  #.......     32%         3    ###....


Dungeon Overview and Level Annotations

Branches:
Dungeon (2/15)

Altars:


Innate Abilities, Weirdness & Mutations

You cannot wear most types of armour.
You are very stealthy in the water. (Stealth+)
You are amphibious.
You can wear up to eight rings at the same time.
You can use your tentacles to constrict eight enemies at once.
Your skin changes colour to match your surroundings (Stealth+).
Your rubbery body absorbs attacks. (AC +1, EV +1)


Message History

* * * LOW HITPOINT WARNING * * *
You are too injured to fight recklessly!
You are too injured to fight recklessly!
It was a potion of heal wounds.
You feel much better. The centaur hits you. x2
You barely miss the centaur. The centaur barely misses you.
The centaur hits you.
You hit the centaur but do no damage. The centaur hits you. x2
It was a potion of curing.
You feel better. The centaur closely misses you.
You completely miss the centaur. The centaur barely misses you.
The centaur hits you!
Ouch! That really hurt!
You hit the centaur.
The centaur is lightly wounded.
The centaur hits you.
* * * LOW HITPOINT WARNING * * *
The centaur barely misses you.
You hit the centaur.
The centaur is lightly wounded.
The centaur hits you.
You die...

###### ### #.!..#
.. .# #...c# .#
.# .
#..[@###.##.##.
#....(...#.....
+.....#.....#
#.....#.##.######
#......>......)..
#....##.#<.##...
###+###.#### #.#
#.#


You could see a centaur.

Vanquished Creatures
  A leopard gecko (D:1)
  4 bats (D:1)
  5 hobgoblins (D:1)
  2 frilled lizards (D:1)
  A goblin (D:2)
  3 rats (D:1)
16 creatures vanquished.

Notes
Turn   | Place    | Note
-------+----------+-------------------------------------------
     0 | D:1      | Ijustatesigmund the Octopode Wizard began the quest for the
                  | Orb.
     0 | D:1      | Reached XP level 1. HP: 11/11 MP: 4/4
   382 | D:1      | Reached skill level 1 in Fighting
   382 | D:1      | Reached XP level 2. HP: 18/18 MP: 1/6
   386 | D:1      | Learned a level 2 spell: Blink
  1042 | D:2      | Noticed a centaur
  1051 | D:2      | Slain by a centaur

Levels and vault maps discovered:
D:1:      ebering_trefoil_twist, layout_basic
D:2:      layout_basic, first_ration, minmay_fractal_squares_gapless_5

Skill      XL: |  1 |
---------------+----+-----
Fighting       | 1 |  1.2
Dodging        | |  2.0
Stealth        | |  2.6
Spellcasting   | |  3.0
Conjurations   | |  1.8
Summonings     | |  1.0
Translocations | |  1.2

Action                   || total
-------------------------++-------
Melee: Hand axe          ||    14
       Constrict         ||     1
       Tentacles         ||     1
Throw: Javelin           ||     2
 Cast: Magic Dart        ||    29
  Use: Potion            ||     2
Dodge: Dodged            ||    13

Table legend:
 A = Non-vault XP
 B = Vault XP
 C = Vault XP percentage of total XP
 D = Non-vault monster count
 E = Vault monster count
 F = Vault count percentage of total count
                 A         B        C        D         E       F
            +---------+---------+-------+---------+---------+-------
      Total |      24 |       0 |   0.0 |      16 |       0 |   0.0
            +---------+---------+-------+---------+---------+-------
        D:1 |      23 |       0 |   0.0 |      15 |       0 |   0.0
        D:2 |       1 |       0 |   0.0 |       1 |       0 |   0.0
            +---------+---------+-------+---------+---------+-------
